 Dungeon Crawl Stone Soup version 0.30-a0-918-g0ff054e9dc (webtiles) character file.

Game seed: 6660858748861746408

298 Iniera the Conjurer (level 6, -9/28 HPs)
             Began as a Vine Stalker Conjurer on Mar 21, 2023.
             Was an Initiate of Vehumet.
             Mangled by an ogre
             ... wielding a +0 giant club
              (13 damage)
             ... on level 4 of the Dungeon.
             The game lasted 00:06:50 (2803 turns).

Iniera the Conjurer (Vine Stalker Conjurer)         Turns: 2803, Time: 00:06:50

Health: -9/28      AC:  2    Str: 12    XL:     6   Next: 35%
Magic:  0/11       EV: 12    Int: 26    God:    Vehumet [......]
Gold:   226        SH:  0    Dex: 13    Spells: 3/10 levels left

rFire   . . .      SeeInvis .    c - +1 dagger (speed)
rCold   . . .      Faith    .    (no shield)
rNeg    + + .      Spirit   +    a - +0 robe
rPois   .          Reflect  .    (no helmet)
rElec   +          Rampage  .    (no cloak)
rCorr   .                        (no gloves)
Will    .....                    (no boots)
Stlth   ++                       (no amulet)
HPRegen 1.04/turn                f - ring "Kaevarob" {rElec rN++ Str+3 Int+6 Slay-3}
MPRegen 0.12/turn                (no ring)

@: no status effects
A: fangs 2, regeneration 1, magic shield, antimagic bite, no potion heal 2
a: Renounce Religion


You were on level 4 of the Dungeon.
You worshipped Vehumet.
Vehumet was noncommittal.
You visited 1 branch of the dungeon, and saw 4 of its levels.

You collected 226 gold pieces.

Inventory:

Hand Weapons
 c - a +1 dagger of speed (weapon)
Armour
 a - a +0 robe (worn)
Jewellery
 f - the ring "Kaevarob" (left hand) {rElec rN++ Str+3 Int+6 Slay-3}
   (You acquired it on level 4 of the Dungeon)

   [ring of intelligence]

   Str:       It affects your strength (+3).
   Int:       It affects your intelligence (+6).
   Slay:      It affects your accuracy & damage with ranged weapons and melee
   (-3).
   rElec:     It insulates you from electricity.
   rN:        It greatly protects you from negative energy.
Potions
 d - 4 potions of curing
 i - a potion of attraction


   Skills:
 - Level 1.5 Dodging
 - Level 2.4 Stealth
 + Level 2.9 Spellcasting
 * Level 6.0 Conjurations
 + Level 2.4 Hexes
 + Level 2.4 Translocations


You had 3 spell levels left.
You knew the following spells:

 Your Spells              Type           Power      Damage    Failure   Level
a - Magic Dart            Conj           100%       1d8       1%          1
b - Searing Ray           Conj           70%        2d7       1%          2
c - Fulminant Prism       Conj/Hex       12%        3d9       17%         4

Your spell library contained the following spells:

 Spells                   Type           Power      Damage    Failure   Level
 Dazzling Flash           Conj/Hex       50%        N/A       4%          3
 Lesser Beckoning         Tloc           32%        N/A       5%          2
 Gell's Gravitas          Tloc           16%        N/A       11%         3
 Teleport Other           Tloc           16%        N/A       11%         3
 Iskenderun's Mystic Bla  Conj/Tloc      25%        2d7       17%         4


Dungeon Overview and Level Annotations

Branches:
Dungeon (4/15)
 Temple: D:4-7

Altars:
Fedhas
Vehumet
Wu Jian


Innate Abilities, Weirdness & Mutations

You have extremely sharp teeth.
Your natural rate of healing is unusually fast.
When hurt, damage is shared between your health and your magic reserves.
Your bite disrupts and absorbs the magic of your enemies.
Potions cannot restore your health.


Message History

Your Conjurations skill increases to level 6!
You cannot move.
You cannot move.
You cannot move.
You cannot move.
You start resting.
You feel less attractive to monsters.
You start resting.
HP restored.
You start resting.
A gnoll comes into view. It is wielding a +0 club.
The magic dart hits the gnoll.
The gnoll is heavily wounded.
The gnoll shouts!
The magic dart hits the gnoll.
The gnoll is severely wounded.
The magic dart hits the gnoll.
The gnoll is almost dead.
Your transformation is almost over.
The magic dart hits the gnoll.
You kill the gnoll!
Vehumet accepts your kill.
An ogre comes into view. It is wielding a +0 giant club.
An ogre is nearby!
The ogre shouts!
You feel less wooden.
Your +0 robe unmelds from your body.
You barely miss the ogre. You bite the ogre, but do no damage.
Casting: Magic Dart (safe; 1% risk of failure)
Confirm with . or Enter, or press ? or * to list all spells.
Aiming: Magic Dart (safe; 1% risk of failure)
Press: ? - help, Shift-Dir - straight line, f - ogre
Aim: an ogre, wielding a +0 giant club (100% to hit)
The magic dart hits the ogre.
The ogre is lightly wounded.
The ogre hits you with a +0 giant club!!
Ouch! That really hurt!
* * * LOW HITPOINT WARNING * * *
The ogre attacks as you move away! The ogre hits you with a +0 giant club!
You die...

....# .# ##..# .(.. ... .## #..##
...#####.# ..# ##.## ......##.#
#.# #).# ....#.##.# #.# #)##
.......#.### #.# #)#
...##....รท.####.# #.#
..###....#..)..)###.#############
.###)......###.O@...............#
## #...)...# ###..)....#........#
#..>....# #.......#........#
#.......# #.......##########
######### #.......# #########


You could see an ogre.

Vanquished Creatures
  A jelly (D:4)
  A gnoll bouda (D:4)
  Jessica (D:2)
  An orc wizard (D:3)
  6 gnolls (D:4)
  5 adders
  2 worms (D:2)
  2 dart slugs
  4 orcs
  9 ball pythons
  9 endoplasms
  2 giant cockroaches
  6 goblins
  6 hobgoblins
  5 jackals
  4 kobolds
  2 quokkas
  7 bats
  2 frilled lizards
  2 rats
77 creatures vanquished.

Notes
Turn   | Place    | Note
-------+----------+-------------------------------------------
     0 | D:1      | Iniera the Vine Stalker Conjurer began the quest for the
                  | Orb.
     0 | D:1      | Reached XP level 1. HP: 9/9 MP: 4/4
   118 | D:1      | Reached XP level 2. HP: 13/13 MP: 3/6
   179 | D:1      | Learned a level 2 spell: Searing Ray
   465 | D:1      | You fall into a shaft and drop 1 floor!
   474 | D:2      | Reached XP level 3. HP: 16/16 MP: 1/7
   776 | D:2      | Reached skill level 1 in Translocations
   819 | D:2      | Reached skill level 1 in Hexes
  1225 | D:2      | Found a blossoming altar of Fedhas.
  1225 | D:2      | Noticed Jessica
  1230 | D:2      | Killed Jessica
  1231 | D:2      | Reached skill level 5 in Conjurations
  1231 | D:2      | Gained mutation: Your natural rate of healing is unusually
                  | fast. [Vine Stalker growth]
  1231 | D:2      | Reached XP level 4. HP: 21/21 MP: 8/8
  1771 | D:3      | Learned a level 4 spell: Fulminant Prism
  1899 | D:3      | Reached XP level 5. HP: 24/24 MP: 6/9
  2210 | D:3      | Found a faded altar of an unknown god.
  2210 | D:3      | Found an ornate altar of the Wu Jian Council.
  2230 | D:3      | Found a radiant altar of Vehumet.
  2232 | D:3      | Found a faded altar of an unknown god.
  2234 | D:3      | Found a blossoming altar of Fedhas.
  2239 | D:3      | Became a worshipper of Vehumet
  2446 | D:4      | Identified a scroll of acquirement
  2446 | D:4      | Acquired the ring "Kaevarob" {rElec rN++ Str+3 Int+6
                  | Slay-3}
  2659 | D:4      | Reached XP level 6. HP: 28/28 MP: 3/11
  2759 | D:4      | Reached skill level 6 in Conjurations
  2803 | D:4      | Mangled by an ogre

Illustrated notes

Levels and vault maps discovered:
D:1:      psy_arrival_dodecagon, layout_rooms, minmay_misc_feat_ornament
D:2:      kennysheep_six_static_rooms, layout_basic, basic_altar, uniq_jessica
D:3:      layout_rooms, chequers_temple_overflow_minitemple, st_stairs_13
D:4:      minmay_diamond_boxcup, layout_rooms, st_stairs_2,
          kennysheep_small_square

Skill      XL: |  1  2  3  4  5  6 |
---------------+-------------------+-----
Translocations | 1 2 |  2.4
Hexes          | 1 2 |  2.4
Conjurations   | 5 6 |  6.0
Dodging        | |  1.5
Stealth        | |  2.4
Spellcasting   | |  2.9

Action                     |  1- 3 |  4- 6 || total
---------------------------+-------+-------++-------
  Melee: Unarmed           |     4 |       ||     4
         Dagger            |    46 |    85 ||   131
         Bite              |    15 |    16 ||    31
         Punch             |       |     2 ||     2
   Cast: Magic Dart        |    49 |    62 ||   111
         Searing Ray       |     1 |     5 ||     6
    Use: Scroll            |       |     7 ||     7
         Potion            |       |     3 ||     3
   Stab: Sleeping          |     3 |     1 ||     4
 Armour: Robe              |    13 |     4 ||    17
         Skin              |       |     4 ||     4
  Dodge: Dodged            |    21 |    33 ||    54

Table legend: (Time is in decaauts)
 A = Elapsed time spent in this place.
 B = Non-inter-level travel time spent in this place.
 C = Inter-level travel time spent in this place.
 D = Time resting spent in this place.
 E = Time spent auto-exploring this place.
 F = Levels seen in this place.
 G = Mean time per level.
                   A        B        C        D        E       F      G
               +--------+--------+--------+--------+--------+-----+--------+
         Total |   2760 |   2588 |    172 |    130 |   1977 |   4 |  690.0 |
       Dungeon |   2760 |   2588 |    172 |    130 |   1977 |   4 |  690.0 |
               +--------+--------+--------+--------+--------+-----+--------+

Top non-repeatable levels by time:
     D:2: 865 daAuts
     D:3: 788 daAuts
     D:1: 607 daAuts
     D:4: 499 daAuts
